Map: Newkirk Precinct TE (Void)

Players

aAaMiNiMaTh (MiNiMaTh) - Winner!

  • Race: Zerg Zerg
  • Spawn Location: 5:00

TestingZero (Thalandros)

  • Race: Zerg Zerg
  • Spawn Location: 7:00

Event: IEM XI Katowice - World Championship 2017

VOD

Have the link to the VOD?

Description

Time

  • Played on: Feb. 28, 2017, 8:48 a.m.
  • Length: 3:41

All games in this series

Show
View Real Time Build Order
Export as new Build Order

aAaMiNiMaTh Zerg - Winner!

Build Orders: Pool First 

Get SALT Encoding   

  12  0:00  Drone  
  13  0:12  Overlord  
  13  0:18  Drone  
  14  0:31  Drone x2  
  16  0:37  Drone  
  17  0:45  Extractor  
  17  0:47  Spawning Pool  
  15  0:51  Drone  
  16  0:58  Drone  
  17  1:09  Drone  
  18  1:21  Hatchery  
  18  1:24  Drone  
  18  1:35  Queen  
  18  1:39  Drone  
  21  1:46  Metabolic Boost  
  21  1:54  Overlord  
  21  2:01  Zergling x2  
  22  2:05  Baneling Nest  
  21  2:08  Drone  
  22  2:16  Queen  
  22  2:20  Zergling x2  
  25  2:25  Zergling x2  
  26  2:34  Zergling x4  
  28  2:43  Zergling x2, Overlord  
  28  2:44  Zergling x2  
  30  2:46  Zergling x2  
  31  2:55  Zergling x4  
  33  3:09  Baneling x2, Drone x2  
  35  3:17  Drone x2  
  35  3:18  Drone x2  
  35  3:19  Drone  
  40  3:23  Drone  
  41  3:28  Drone  
  41  3:29  Drone  
Show
View Real Time Build Order
Export as new Build Order

TestingZero Zerg 

Build Orders: Hatch First 

Get SALT Encoding   

  12  0:00  Drone  
  13  0:14  Overlord  
  13  0:19  Drone  
  14  0:33  Drone x2  
  16  0:38  Drone  
  17  0:55  Hatchery  
  16  1:00  Drone x2  
  18  1:07  Extractor  
  18  1:09  Drone  
  18  1:20  Spawning Pool  
  17  1:27  Drone  
  18  1:33  Drone  
  19  1:41  Overlord  
  19  2:07  Metabolic Boost  
  19  2:08  Queen x2  
  19  2:09  Zergling x4  
  19  2:13  Drone  
  26  2:16  Drone  
  26  2:20  Drone  
  28  2:28  Drone  
  29  2:34  Evolution Chamber, Drone x2  
  30  2:42  Drone  
  31  2:45  Baneling Nest  
  31  2:49  Drone  
  32  2:58  Drone  
  32  3:07  Drone  
  32  3:08  Overlord  
  33  3:24  Zergling x6  

Tags
 
Add a new tag
Caveats
  • Supply blocks, unpowered buildings, or Contaminate may cause inaccurate times.
  • Supply counts are checked every 10 seconds.